 Dungeon Sprint DCSS version 0.31-a0-799-g6bc09d010c (webtiles) character file.

Game seed: 10757755233168515663

278 sircluck the Ruffian (level 6, -3/68 HPs)
             Began as a Troll Berserker on Sept 19, 2023.
             Was an Elder of Trog.
             Slain by a shadow (12 damage)
             ... in the Dungeon (Sprint III: "The Ten Rune Challenge").
             The game lasted 00:01:05 (185 turns).

sircluck the Ruffian (Troll Berserker)               Turns: 185, Time: 00:01:06

Health: -3/68      AC:  4    Str: 28    XL:     6   Next: 5%
Magic:  5/5        EV: 11    Int:  3    God:    Trog [****..]
Gold:   63         SH:  0    Dex:  9    Spells: 5/5 levels left

rFire   . .          .
                       - Unarmed
rCold   . . .        (no shield)
rNeg    . . .        a - +0 animal skin
rPois   .            (helmet restricted)
rElec   .            (no cloak)
rCorr   .            (gloves unavailable)
SInv    .            (boots unavailable)
Will    .....        (no amulet)
Stlth   +            (no ring)
HPRegen 1.11/turn    (no ring)
MPRegen 0.09/turn

%: no teleportation
@: no status effects
A: large, unfitting armour, claws 3, regeneration 1, shaggy fur 1, tough skin 1
a: Renounce Religion, Berserk, Trog's Hand, Brothers in Arms


You were in the Dungeon.
You worshipped Trog.
Trog was greatly pleased with you.
You visited 1 branch You collected 63 gold pieces.

Inventory:

Armour
 a - a +0 animal skin (worn)
Wands
 l - a wand of digging (4)
Scrolls
 g - a scroll of blinking
 i - 2 scrolls of immolation {unknown}
 j - 2 scrolls of identify {unknown}
Potions
 b - a potion of curing
 c - a potion of heal wounds
 d - a potion of haste
 e - 2 potions of magic
 f - a potion of berserk rage
 h - 5 potions of mutation
 k - 3 potions of enlightenment


   Skills:
 + Level 6.6 Fighting
 + Level 6.5 Dodging
 + Level 7.9 Unarmed Combat


You had 5 spell levels left.
You didn't know any spells.
Your spell library was empty.

Dungeon Overview and Level Annotations

Branches:
Dungeon (1/1)

Altars:
Dithmenos
Kikubaaqudgha
Ru
Sif Muna
Vehumet
Yredelemnul


Innate Abilities, Weirdness & Mutations

You are too large for most types of armour.
You have claws for hands.
Your natural rate of healing is unusually fast.
You are covered in fur. (AC +1)
You have tough skin. (AC +1)


Message History

l - a wand of digging (4)
Things that are here:
a +0 dagger; a +0 robe
There is an open door here.
You see here a necrophage corpse.
You open the door.
A jelly comes into view.
A shadow comes into view.
The shadow slips into darkness.
The shadow flickers and vanishes!
Deactivating autopickup; reactivate with Ctrl-A.
There is an open door here.
You mangle the jelly!!
You kill the jelly!
Trog accepts your kill.
The shadow strikes at you from the darkness!
Reactivating autopickup.
You have reached level 6!
You feel stronger.
You closely miss the shadow. The shadow hits you.
You completely miss the shadow.
The shadow slips into darkness.
The shadow flickers and vanishes!
Deactivating autopickup; reactivate with Ctrl-A.
You closely miss something.
The shadow strikes at you from the darkness!
Reactivating autopickup.
You scratch the shadow but do no damage.
The shadow hits you!
* * * LOW HITPOINT WARNING * * *
You claw the shadow!
The shadow is moderately damaged.
You completely miss the shadow.
The shadow is moderately damaged.
The shadow hits you!
* * * LOW HITPOINT WARNING * * *
You barely miss the shadow. You claw the shadow!
The shadow is severely damaged.
The shadow hits you!
You die...

▓ ▓▓▓ ♣♣ ♣.# ####
.♣ ♣.# #__# ♣♣
♣♣.# #)_#
♣♣♣♣..###+#+###†##
.♣.♣..#..........#
~.♣♣..'.⌠........#
~~~♣..#...######'#
~~....#.⌠.# #.W@#
~.....#...# #...#
......#)### #...#
......#.:.# #...+
......#___# +...#
▓▓▓▓▓▓▓▓▓▓▓ ▓▓▓▓▓


You could see a shadow.

Vanquished Creatures
  A necrophage (D)
  A water elemental (D)
  A jelly (D)
  Jessica (D)
  A necromancer (D)
  A wizard (D)
  A human (D)
  A kobold demonologist (D)
  A wolf (D)
  2 endoplasms (D)
  A rat (D)
12 creatures vanquished.

Notes
Turn   | Place    | Note
-------+----------+-------------------------------------------
     0 | D        | sircluck the Troll Berserker began the quest for the Orb.
     0 | D        | Reached XP level 1. HP: 22/22 MP: 0/0
    15 | D        | Noticed Jessica
    17 | D        | Reached ** piety under Trog
    26 | D        | Killed Jessica
    27 | D        | Reached skill level 4 in Unarmed Combat
    27 | D        | Reached XP level 2. HP: 29/32 MP: 1/1
    27 | D        | Reached XP level 3. HP: 36/39 MP: 2/2
    76 | D        | Reached *** piety under Trog
    77 | D        | Reached skill level 5 in Unarmed Combat
   106 | D        | Noticed a water elemental
   110 | D        | Killed a water elemental
   111 | D        | Reached skill level 5 in Fighting
   111 | D        | Reached skill level 5 in Dodging
   111 | D        | Reached skill level 6 in Unarmed Combat
   111 | D        | Reached XP level 4. HP: 50/50 MP: 3/3
   115 | D        | Found a radiant altar of Vehumet.
   115 | D        | Found a shimmering blue altar of Sif Muna.
   115 | D        | Found an ancient bone altar of Kikubaaqudgha.
   115 | D        | Noticed a wizard
   118 | D        | Noticed a hellwing
   118 | D        | Killed a wizard
   119 | D        | Reached XP level 5. HP: 54/57 MP: 4/4
   119 | D        | Reached **** piety under Trog
   153 | D        | Found a shadowy altar of Dithmenos.
   160 | D        | Reached skill level 7 in Unarmed Combat
   160 | D        | Found a basalt altar of Yredelemnul.
   160 | D        | Found a sacrificial altar of Ru.
   176 | D        | Noticed a shadow
   179 | D        | Reached XP level 6. HP: 38/68 MP: 5/5
   185 | D        | Slain by a shadow

Illustrated notes

Levels and vault maps discovered:
D:        dungeon_sprint_mu [sprint_mu_entry_forest, sprint_mu_temple_rooms,
          sprint_mu_d1_horrors, sprint_mu_d2_genie, sprint_mu_d3_branching,
          sprint_mu_orc_legion, sprint_mu_elf_gauntlet, sprint_mu_hive_nellie,
          sprint_mu_lair_fedhas, sprint_mu_vaults_butterflies,
          sprint_mu_slime_circle, sprint_mu_swamp_cave, sprint_mu_snake_twists,
          sprint_mu_blade_basic, sprint_mu_crypt_fortress,
          sprint_mu_tomb_spiral, sprint_mu_vestibule_basic,
          sprint_mu_gehenna_hellfire, sprint_mu_dis_giant,
          sprint_mu_tartarus_statrot, sprint_mu_cocytus_islands, sprint_mu_zot1]

Skill      XL: |  1  2  3  4  5 |
---------------+----------------+-----
Fighting       | 3 5 6 |  6.6
Dodging        | 3 5 6 |  6.5
Unarmed Combat | 4 6 7 |  7.9

Action                     |  1- 3 |  4- 6 || total
---------------------------+-------+-------++-------
  Melee: Unarmed           |    38 |    25 ||    63
         Punch             |       |     1 ||     1
 Invoke: Berserk           |     1 |       ||     1
 Armour: Animal skin       |    21 |    11 ||    32
  Dodge: Dodged            |    10 |     6 ||    16

Table legend: (Time is in decaauts)
 A = Elapsed time spent in this place.
 B = Non-inter-level travel time spent in this place.
 C = Inter-level travel time spent in this place.
 D = Time resting spent in this place.
 E = Time spent auto-exploring this place.
 F = Levels seen in this place.
 G = Mean time per level.
                   A        B        C        D        E       F      G
               +--------+--------+--------+--------+--------+-----+--------+
         Total |    188 |    188 |      0 |     16 |     42 |   1 |  188.0 |
       Dungeon |    188 |    188 |      0 |     16 |     42 |   1 |  188.0 |
               +--------+--------+--------+--------+--------+-----+--------+

Top non-repeatable levels by time:
       D: 188 daAuts
